 Dungeon Crawl Stone Soup version 0.19-a0-1704-gbd66c22 (webtiles) character file.

745 dvd the Shield-Bearer (level 7, -8/44 HPs)
             Began as a Gargoyle Fighter on Sept 27, 2016.
             Killed by divine providence
             ... invoked by an orc priest
              (16 damage)
             ... on level 5 of the Dungeon.
             The game lasted 00:08:49 (3493 turns).

dvd the Shield-Bearer (Gargoyle Fighter)            Turns: 3493, Time: 00:08:51

Health: -8/44      AC: 13    Str: 20    XL:     7   Next: 76%
Magic:  7/7        EV:  8    Int: 13    God:
Gold:   178        SH: 10    Dex: 10    Spells: 0 memorised, 6 levels left

rFire  . . .     SeeInvis .     g - +0 war axe
rCold  . . .     Gourm    .     b - +0 scale mail
rNeg   + . .     Faith    .     c - +0 shield
rPois  ∞         Spirit   .     (no helmet)
rElec  +         Dismiss  .     (no cloak)
rCorr  .         Reflect  .     (no gloves)
MR     .....     Harm     .     (no boots)
Stlth  ..........               (no amulet)
                                (no ring)
                                s - +4 ring of intelligence

@: no status effects
A: negative energy resistance 1, electricity resistance, unbreathing,
petrification resistance, rot immunity, AC +4
a: no special abilities


You were on level 5 of the Dungeon.
You were not hungry.

You visited 1 branch of the dungeon, and saw 5 of its levels.
You also visited: Sewer.

You collected 178 gold pieces.

Inventory:

Hand Weapons
 a - a +2 flail of protection
 g - a +0 war axe (weapon)
Missiles
 y - 2 silver javelins (quivered)
 E - 7 poisoned javelins
Armour
 b - a +0 scale mail (worn)
 c - a +0 shield (worn)
 B - a +2 leather armour of positive energy
Jewellery
 n - an uncursed ring of ice
 s - a +4 ring of intelligence (left hand)
Scrolls
 e - 3 scrolls of enchant weapon {unknown}
 h - 3 scrolls of remove curse
 k - 4 scrolls of amnesia
 o - a scroll of recharging {unknown}
 p - a scroll of fear {unknown}
 r - 4 scrolls of identify {unknown}
 t - 2 scrolls of teleportation {unknown}
 x - 2 scrolls of fog {unknown}
Potions
 d - a potion of invisibility {unknown}
 i - a potion of mutation {unknown}
 j - a potion of brilliance {unknown}
 l - a potion of degeneration {unknown}
 u - 3 potions of flight {unknown}
 v - a potion of curing
 w - a potion of heal wounds {unknown}
 z - a potion of beneficial mutation {unknown}
 A - a potion of ambrosia {unknown}
Comestibles
 f - 6 bread rations
 m - 3 meat rations
 q - a beef jerky
 C - a slice of pizza
 D - a chunk of flesh


   Skills:
 + Level 4.6 Fighting
 + Level 5.2 Axes
 + Level 0.4(3.5) Maces & Flails
 + Level 4.5 Armour
 + Level 1.2 Dodging
 + Level 5.6 Shields


You had 6 spell levels left.
You didn't know any spells.

Dungeon Overview and Level Annotations

Branches:
Dungeon (5/15)
 Temple: D:4-7

Altars:
Fedhas
Gozag


Innate Abilities, Weirdness & Mutations

You are resistant to torment.
Your stone body is resilient. (AC +4)
You are immune to poison.
You resist negative energy. (rN+)
You are resistant to electric shocks. (rElec)
You can survive without breathing.
You are immune to petrification.
You are immune to rotting.


Message History

The orc priest calls down the wrath of Beogh upon you.
Beogh smites you!
* * * LOW HITPOINT WARNING * * *
Unknown command.
As you read the scroll labeled HEUMUN XAYPS, it crumbles to dust.
It is a scroll of amnesia.
You feel forgetful for a moment.
The worker ant bites you but does no damage.
You block the orc's attack.
The orc priest invokes the aid of Beogh against you.
Beogh smites you!
* * * LOW HITPOINT WARNING * * *
You feel better.
The worker ant bites you but does no damage.
You block the orc's attack.
The orc hits you with a dagger of protection.
* * * LOW HITPOINT WARNING * * *
The orc priest mumbles some strange prayers to Beogh against you.
Beogh smites you!
You die...

##### #...#
#...# # #...#
#####.#o@o#
.....hooao#
>....h.oo....)#
........o.#...#
....$.#####...#
...... ###
...... .....
.#.##


You could see a worker ant, 2 orc priests, an orc wizard, 5 orcs and 2 jackals.

Vanquished Creatures
  Sigmund (D:2)
  Edmund (D:4)
  A big kobold (Sewer)
  A bullfrog skeleton (D:4)
  An iguana (D:4)
  Natasha (twice) (D:2)
  Terence (D:2)
  2 worker ants (D:4)
  Ijyb (D:2)
  A hound skeleton (D:4)
  4 gnolls (D:3)
  5 adders
  An ooze (D:1)
  2 dart slugs (D:1)
  3 worms
  2 leopard geckos
  An orc (D:4)
  2 ball pythons
  6 giant cockroaches
  8 goblins
  9 hobgoblins
  10 jackals
  2 quokkas
  4 bats
  7 frilled lizards
  7 kobolds
  A leopard gecko skeleton (D:3)
  A quokka skeleton (D:4)
  16 rats
103 creatures vanquished.

Notes
Turn   | Place    | Note
-------+----------+-------------------------------------------
     0 | D:1      | dvd the Gargoyle Fighter began the quest for the Orb.
     0 | D:1      | Reached XP level 1. HP: 14/14 MP: 1/1
   115 | D:1      | Reached XP level 2. HP: 19/19 MP: 2/2
   348 | D:1      | Reached XP level 3. HP: 24/24 MP: 3/3
  1007 | D:2      | Noticed Sigmund
  1017 | D:2      | Killed Sigmund
  1017 | D:2      | Reached XP level 4. HP: 16/29 MP: 4/4
  1017 | D:2      | Reached XP level 5. HP: 18/33 MP: 5/5
  1054 | D:2      | Noticed Ijyb
  1074 | D:2      | Killed Ijyb
  1075 | D:2      | Noticed Terence
  1104 | D:2      | Killed Terence
  1104 | D:2      | Reached XP level 6. HP: 18/38 MP: 6/6
  1119 | D:2      | Reached skill level 5 in Shields
  1298 | D:2      | Found an opulent altar of Gozag.
  1339 | D:2      | Noticed Natasha
  1343 | D:2      | Killed Natasha
  1630 | D:2      | Noticed Natasha
  1639 | D:2      | Killed Natasha
  1990 | D:3      | Found a glowing drain.
  1999 | Sewer    | Entered a sewer
  2062 | Sewer    | Reached XP level 7. HP: 37/43 MP: 7/7
  2087 | Sewer    | Found a white marble altar of Elyvilon.
  2177 | D:3      | Reached skill level 1 in Dodging
  3014 | D:4      | Noticed Edmund
  3016 | D:4      | Found a blossoming altar of Fedhas.
  3057 | D:4      | Killed Edmund
  3057 | D:4      | Reached skill level 5 in Axes
  3485 | D:5      | Entered Level 5 of the Dungeon
  3492 | D:5      | HP: 2/44 [orc priest/divine providence (11)]
  3493 | D:5      | Killed from afar by an orc priest

Vault maps used:
D:1:      sevenhm_arrival_forest_fort_large_2
D:2:      lemuel_doored_altar, uniq_natasha, uniq_sigmund, uniq_iyjb,
          uniq_terence
D:3:      gup_sewer_entry_bubbles
D:4:      nicolae_overflow_crystal_walls, first_bread, uniq_edmund
D:5:      uniq_blork_the_orc
Sewer:    sewer_kobolds

Skill      XL: |  1  2  3  4  5  6  7 |
---------------+----------------------+-----
Axes           | 2 3 4 5 |  5.2
Armour         | 4 |  4.5
Shields        | 4 5 |  5.6
Fighting       | 4 |  4.6
Dodging        | 1 |  1.2
Maces & Flails | |  0.4

Action                   |  1- 3 |  4- 6 |  7- 9 || total
-------------------------+-------+-------+-------++-------
Melee: War axe           |    98 |   169 |    99 ||   366
       Flail             |       |       |    28 ||    28
  Use: Potion            |     1 |       |     1 ||     2
       Scroll            |       |       |     2 ||     2
  Eat: Chunk             |     1 |     3 |     5 ||     9
Armor: Scale mail        |    27 |    37 |    60 ||   124
       Chain mail        |    18 |    66 |       ||    84
Dodge: Dodged            |    31 |    39 |    41 ||   111
Block: Shield            |    54 |    82 |    72 ||   208
